 Dungeon Crawl Stone Soup version 0.31-a0-799-g6bc09d010c (webtiles) character file.

Game seed: 6633061057116850351

4 Essalna the Conjurer (level 1, -3/13 HPs)
             Began as a Demonspawn Conjurer on Sept 19, 2023.
             Slain by a quokka (4 damage)
             ... on level 1 of the Dungeon.
             The game lasted 00:00:19 (214 turns).

Essalna the Conjurer (Demonspawn Conjurer)           Turns: 214, Time: 00:00:20

Health: -3/13      AC:  2    Str:  7    XL:     1   Next: 58%
Magic:  0/3        EV: 12    Int: 19    God:
Gold:   21         SH:  0    Dex: 11    Spells: 3/4 levels left

rFire   . . .        c - +0 whip
rCold   . . .        (no shield)
rNeg    . . .        a - +0 robe
rPois   .            (no helmet)
rElec   .            (no cloak)
rCorr   .            (no gloves)
SInv    .            (no boots)
Will    .....        (no amulet)
Stlth   ++           (no ring)
HPRegen 0.22/turn    (no ring)
MPRegen 0.08/turn

%: no passive effects
@: no status effects
A: no striking features
a: no special abilities


You were on level 1 of the Dungeon.
You visited 1 branch of the dungeon, and saw 1 of its levels.

You collected 21 gold pieces.

Inventory:

Hand Weapons
 c - a +0 whip (weapon)
Armour
 a - a +0 robe (worn)
Potions
 b - a potion of magic


   Skills:
 - Level 1.7 Dodging
 - Level 1.7 Stealth
 + Level 2.2 Spellcasting
 + Level 4.1 Conjurations


You had 3 spell levels left.
You knew the following spells:

 Your Spells              Type           Power      Damage    Failure   Level
a - Magic Dart            Conj           68%        1d6       3%          1

Your spell library contained the following spells:

 Spells                   Type           Power      Damage    Failure   Level
 Searing Ray              Conj           34%        2d5       4%          2
 Dazzling Flash           Conj/Hex       18%        N/A       22%         3
 Fulminant Prism          Conj/Hex       4%         3d5       56%         4
 Iskenderun's Mystic Bla  Conj/Tloc      9%         2d4       56%         4


Dungeon Overview and Level Annotations

Branches:
Dungeon (1/15)

Altars:


Message History

That would be overly suicidal.
Okay, then.
HP restored.
Things that are here:
a bat corpse; a ball python corpse Key pressed, stopping explore.
Key pressed, stopping explore.
A quokka comes into view.
The magic dart hits the quokka.
The quokka is lightly wounded.
The magic dart hits the quokka but does no damage.
The quokka is lightly wounded.
The magic dart hits the quokka.
The quokka is moderately wounded.
The quokka bites you but does no damage.
You are out of magic!
You are out of magic!
You are out of magic!
You barely miss the quokka.
The quokka is moderately wounded.
The quokka bites you.
You closely miss the quokka.
The quokka is moderately wounded.
The quokka bites you.
You closely miss the quokka.
The quokka is moderately wounded.
The quokka bites you but does no damage.
The quokka bites you.
You hit the quokka but do no damage.
The quokka is moderately wounded.
The quokka bites you.
You barely miss the quokka.
The quokka is moderately wounded.
The quokka closely misses you.
You barely miss the quokka.
The quokka is moderately wounded.
The quokka bites you.
* * * LOW HITPOINT WARNING * * *
The quokka bites you.
You die...

..... .... ... ...
#.# ##### #.#
#####...# ##r#
#.....#.### #.@#
###.#...#...###.##
....#.#.###.....#
......#.........#
....#.###..##...#
....#...........#
#.#.###†...##...#
#.#.....#######.#
..###.### #.#


You could see a quokka.

Vanquished Creatures
  A giant cockroach (D:1)
  A ball python (D:1)
  A bat (D:1)
  A kobold (D:1)
  2 rats (D:1)
6 creatures vanquished.

Notes
Turn   | Place    | Note
-------+----------+-------------------------------------------
     0 | D:1      | Essalna the Demonspawn Conjurer began the quest for the
                  | Orb.
     0 | D:1      | Reached XP level 1. HP: 13/13 MP: 3/3
   214 | D:1      | Slain by a quokka

Illustrated notes

Levels and vault maps discovered:
D:1:      dpeg_arrival_short_road, layout_basic, hangedman_abyss_or_decor_stabs

Action                     || total
---------------------------++-------
  Melee: Whip              ||     9
   Cast: Magic Dart        ||    10
 Armour: Robe              ||    12
  Dodge: Dodged            ||     6

Table legend: (Time is in decaauts)
 A = Elapsed time spent in this place.
 B = Non-inter-level travel time spent in this place.
 C = Inter-level travel time spent in this place.
 D = Time resting spent in this place.
 E = Time spent auto-exploring this place.
 F = Levels seen in this place.
 G = Mean time per level.
                   A        B        C        D        E       F      G
               +--------+--------+--------+--------+--------+-----+--------+
         Total |    214 |    214 |      0 |      0 |    174 |   1 |  214.0 |
       Dungeon |    214 |    214 |      0 |      0 |    174 |   1 |  214.0 |
               +--------+--------+--------+--------+--------+-----+--------+

Top non-repeatable levels by time:
     D:1: 214 daAuts
